 Seeded DCSS version 0.24.1-14-gf8d2b509d9 (webtiles) character file.

Game seed: 4209793007585566349, levelgen mode: deterministic

60 sahdkjhfkaj the Scratcher (level 3, 0/18 HPs)
             Began as a Felid Fighter on Nov 1, 2020.
             Was a Follower of Elyvilon.
             Killed from afar by an orc wizard (7 damage)
             ... with a magic dart
             ... on level 4 of the Dungeon.
             The game lasted 00:05:42 (2969 turns).

sahdkjhfkaj the Scratcher (Felid Fighter)           Turns: 2969, Time: 00:05:43

Health: 0/18       AC:  1    Str: 13    XL:     3   Next: 82%
Magic:  4/4        EV: 19    Int:  5    God:    Elyvilon [*.....]
Gold:   220        SH:  0    Dex: 15    Spells: 2/2 levels left
                                        Lives:  0   Deaths: 1

rFire    + . .     SeeInvis +     - Unarmed
rCold    . . .     Gourm    .   (shield unavailable)
rNeg     . . .     Faith    .   (armour unavailable)
rPois    .         Spirit   .   (helmet unavailable)
rElec    .         Reflect  .   (cloak unavailable)
rCorr    .         Harm     .   (gloves unavailable)
MR       .....                  (boots unavailable)
Stlth    ++........             (no amulet)
HPRegen  0.06/turn              e - ring of protection from fire
MPRegen  0.09/turn              n - -4 ring of intelligence (curse)

@: quick
A: very small, no armour, no weapons or thrown items, stealth, claws 1, fangs 3,
see invisible, carnivore, speed 1, shaggy fur 1, slow metabolism 1, sharp paws
a: Lesser Healing, Divine Protection, Renounce Religion


You were on level 4 of the Dungeon.
You worshipped Elyvilon.
Elyvilon was aware of your devotion.
You were completely stuffed.

You visited 1 branch of the dungeon, and saw 4 of its levels.

You collected 220 gold pieces.

Inventory:

Jewellery
 e - a ring of protection from fire (left paw)
 n - a cursed -4 ring of intelligence (right paw)
Scrolls
 d - 4 scrolls of teleportation {!r}
 k - a scroll of magic mapping {!r}
Potions
 a - 5 potions of might {!q}
 c - a potion of agility {!q}
 f - a potion of ambrosia {!q, unknown}
 g - a potion of heal wounds {!q, unknown}
 h - a potion of brilliance {!q, unknown}
 j - a potion of curing {!q, unknown}
 m - a potion of magic {!q, unknown}
Comestibles
 b - 8 rations
 o - a chunk of flesh


   Skills:
 + Level 4.5 Fighting
 - Level 4.0 Dodging
 - Level 1.3 Stealth
 - Level 5.0 Unarmed Combat


You had 2 spell levels left.
You didn't know any spells.
Your spell library was empty.

Dungeon Overview and Level Annotations

Branches:
Dungeon (4/15)
 Temple: D:4-7

Altars:
Elyvilon
Yredelemnul


Innate Abilities, Weirdness & Mutations

You cannot wear armour.
You are incapable of wielding weapons or throwing items.
Your paws allow you to move quietly. (Stealth)
You have sharp claws.
You have razor-sharp teeth.
You have supernaturally acute eyesight. (SInv)
You are carnivorous and can eat meat at any time.
You cover ground quickly.
You are covered in fur. (AC +1)
You have a slow metabolism.
Your sharp claws are effective at attacking unaware monsters.


Message History

The orc shouts!
You hear a shout!
The orc throws a stone.
The stone hits you but does no damage.
You see here a stone.
The orc throws a stone.
The stone closely misses you.
The orc wizard points at you and mumbles some strange words.
The puff of frost misses you.
Found a ration.
You see here a stone.
The orc wizard gestures at you while chanting.
The puff of frost hits you!
Ouch! That really hurt!
* * * LOW HITPOINT WARNING * * *
The orc throws a stone.
The stone misses you.
The orc throws a stone.
The stone misses you.
You start resting.
The orc wizard is too close now for your liking.
The orc shouts!
The orc wizard casts a spell at you. The magic dart hits you!
You die...

)...........###....#o.o..## ##..#
##....###.......####.....####)..#
###.## #...# #...>...#......
###..# ..## #..........#....
.....# ......###.......##...
.###..# #.## ##..###...... .#
##.... #.## ##.(.####.....
......#..# #.###.(#(.# ###..#
#...####.# #@##..###.## ##.##
#.## #.# #.o.o## #..# #.## ## .#
#.##.## ##.###)# ..# ##.. ##?.†.#
#..# ##.. #..#.### #.. ##
###.#... #. ##..## . #.## ###


You could see an orc wizard and an orc.

Vanquished Creatures
  An orc wizard (D:4)
  An iguana (D:4)
  An adder (D:2)
  A worm (D:3)
  3 dart slugs
  3 leopard geckos
  3 orcs
  4 bats
  5 giant cockroaches
  2 hobgoblins (D:3)
  A quokka (D:2)
  6 frilled lizards
  6 goblins
  5 kobolds
  3 rats
45 creatures vanquished.

Notes
Turn   | Place    | Note
-------+----------+-------------------------------------------
     0 | D:1      | sahdkjhfkaj the Felid Fighter began the quest for the Orb.
     0 | D:1      | Reached XP level 1. HP: 10/10 MP: 2/2
     2 | D:1      | Noticed a halfling
     2 | D:1      | Noticed a spriggan
     4 | D:1      | Noticed a draconian
     4 | D:1      | Noticed a merfolk
     6 | D:1      | Noticed a vine stalker
     8 | D:1      | Noticed a troll
     8 | D:1      | Noticed a gargoyle
    10 | D:1      | Noticed a tengu
    10 | D:1      | Noticed a formicid
    12 | D:1      | Noticed a demonspawn
    14 | D:1      | Noticed a dwarf
    14 | D:1      | Noticed an ogre
    16 | D:1      | Noticed a centaur
    16 | D:1      | Noticed an octopode
    18 | D:1      | Noticed a naga
    20 | D:1      | Noticed a ghoul
    22 | D:1      | Noticed a minotaur
    22 | D:1      | Noticed an elf
    24 | D:1      | Noticed a felid
    24 | D:1      | Noticed a demigod
    26 | D:1      | Noticed a vampire
    26 | D:1      | Noticed a human
   199 | D:1      | Reached skill level 1 in Stealth
   561 | D:1      | Reached XP level 2. HP: 14/14 MP: 3/3
  1176 | D:2      | Noticed an ogre
  1216 | D:2      | Found a white marble altar of Elyvilon.
  1220 | D:2      | Became a worshipper of Elyvilon the Healer
  1240 | D:2      | Reached XP level 3. HP: 17/17 MP: 4/4
  1295 | D:2      | Reached skill level 5 in Unarmed Combat
  1616 | D:3      | Found a basalt altar of Yredelemnul.
  1661 | D:3      | Noticed a phantom
  2383 | D:3      | Reached * piety under Elyvilon
  2837 | D:4      | Reached XP level 4. HP: 22/22 MP: 5/5
  2888 | D:4      | HP: 1/22 [orc wizard/puff of frost (10)]
  2889 | D:4      | Slain by an orc
  2890 | D:4      | Reached XP level 3. HP: 0/18 MP: 4/4
  2969 | D:4      | Killed from afar by an orc wizard

Levels and vault maps discovered:
D:1:      kb_arrival_jail, layout_basic
D:2:      layout_basic, lemuel_crystal_altar, first_ration,
          minmay_worlds_worst_comb
D:3:      layout_loops_ring, overflow_temple_1_default,
          chequers_ecumenical_altar_lobes, minmay_misc_feat_plants
D:4:      layout_layer_cave, grunt_temple_overflow_cloverleaf,
          minmay_temple_entry_poolview, serial_shops, shop,
          minmay_fractal_squares_diagonal_5

Skill      XL: |  1  2  3 |
---------------+----------+-----
Stealth        | 1 |  1.3
Unarmed Combat | 5 |  5.0
Fighting       | 4 |  4.5
Dodging        | |  4.0

Action                   |  1- 3 |  4- 6 || total
-------------------------+-------+-------++-------
Melee: Unarmed           |   107 |    11 ||   118
       Bite              |     8 |     3 ||    11
       Punch             |     2 |       ||     2
  Use: Scroll            |     4 |       ||     4
 Stab: Sleeping          |    11 |     1 ||    12
  Eat: Chunk             |    16 |       ||    16
Armor: Skin              |     3 |       ||     3
Dodge: Dodged            |    85 |    15 ||   100
